Map: Romanticide LE

Players

INnoVation

  • Race: Terran Terran
  • League: Grandmaster
  • Spawn Location: 5:00

Zest - Winner!

  • Race: Protoss Protoss
  • Spawn Location: 11:00

VOD

Have the link to the VOD?

Description

Time

  • Played on: Oct. 21, 2020, 8:10 a.m.
  • Length: 13:18
Show
View Real Time Build Order
Export as new Build Order

INnoVation Terran 

Build Orders: Reaper Expand 

Get SALT Encoding   

  12  0:00  SCV  
  13  0:12  SCV  
  14  0:16  Supply Depot  
  14  0:24  SCV  
  15  0:38  SCV  
  15  0:39  Barracks  
  16  0:43  Refinery  
  16  0:50  SCV  
  17  1:02  SCV  
  18  1:14  SCV  
  19  1:27  Reaper, Orbital Command  
  20  1:44  Command Center  
  20  1:51  Supply Depot  
  20  1:52  SCV  
  21  1:59  Marine  
  22  2:04  SCV  
  22  2:07  Factory  
  23  2:17  SCV, Marine  
  23  2:20  Bunker  
  25  2:23  Refinery  
  25  2:29  SCV  
  26  2:35  Barracks Reactor  
  26  2:43  SCV  
  29  2:51  Hellion  
  29  2:55  Starport, SCV  
  29  2:56  Orbital Command  
  30  3:07  SCV  
  30  3:12  Marine x2  
  32  3:14  Widow Mine  
  35  3:20  SCV  
  35  3:23  SCV  
  35  3:25  Supply Depot  
  37  3:30  Marine x2  
  37  3:31  Medivac  
  37  3:33  Barracks  
  41  3:39  SCV x2  
  43  3:42  Widow Mine  
  42  3:49  Marine  
  42  3:50  Marine  
  42  3:51  SCV x2  
  46  3:57  Barracks  
  46  3:58  Supply Depot  
  46  4:03  SCV x2  
  46  4:07  Marine x2, Starport Tech Lab, Factory Tech Lab  
  50  4:12  Engineering Bay  
  50  4:15  SCV  
  50  4:16  SCV  
  52  4:21  Refinery  
  52  4:22  Supply Depot  
  52  4:31  Marine x2  
  53  4:33  SCV x2  
  53  4:34  Stimpack  
  53  4:37  Terran Infantry Weapons Level 1  
  56  4:39  Factory Reactor  
  56  4:41  Starport Reactor  
  56  4:45  SCV x2  
  58  4:49  Marine x3  
  61  4:53  Supply Depot  
  61  4:54  Marine, Combat Shield  
  61  4:58  SCV x2  
  64  5:04  Supply Depot  
  64  5:10  Marauder, Marine x2  
  64  5:12  SCV  
  64  5:13  SCV  
  70  5:15  Marauder  
  70  5:16  Supply Depot  
  70  5:18  Medivac  
  70  5:21  Medivac  
  76  5:26  Widow Mine  
  76  5:27  Supply Depot  
  76  5:28  Widow Mine  
  80  5:30  Marine x2  
  80  5:33  Marauder  
  84  5:36  Marauder  
  84  5:39  Supply Depot  
  86  5:48  Marine x2, Widow Mine  
  86  5:49  Widow Mine  
  92  5:52  Supply Depot  
  92  5:55  Marauder  
  94  5:58  Marauder  
  94  6:00  Command Center  
  96  6:07  Marine x2  
  98  6:13  Concussive Shells  
  98  6:16  Supply Depot, Marauder  
  98  6:17  Widow Mine x2  
  104  6:19  Marauder  
  104  6:21  SCV x2  
  104  6:24  Medivac  
  107  6:30  Medivac  
  108  6:33  SCV x2  
  108  6:42  Marine  
  108  6:43  Marauder x2, Marine  
  108  6:45  SCV x2  
  108  6:47  Widow Mine x2  
  106  6:57  SCV  
  106  6:58  SCV  
  104  7:04  Marauder x2, Marine x2  
  106  7:10  Widow Mine x2  
  106  7:14  SCV x2  
  90  7:25  Marine x2  
  90  7:26  Marauder x2  
  90  7:27  SCV, Orbital Command  
  90  7:28  SCV  
  92  7:32  Widow Mine x2  
  86  7:40  SCV x2  
  86  7:43  Marine x2  
  86  7:47  Marauder x2  
  81  7:51  Viking  
  81  7:52  SCV x2  
  81  7:53  Widow Mine x2  
  85  8:01  Marine x2  
  85  8:04  SCV  
  79  8:08  Marauder  
  79  8:11  SCV  
  82  8:16  SCV  
  82  8:17  Refinery  
  83  8:21  Command Center  
  83  8:23  Widow Mine x2  
  83  8:26  SCV  
  88  8:28  SCV  
  88  8:32  Marauder  
  88  8:33  Marauder  
  93  8:36  Marine x2  
  93  8:37  Refinery  
  93  8:39  SCV  
  93  8:40  SCV  
  97  8:44  Widow Mine x2  
  101  8:51  SCV  
  101  8:52  SCV  
  103  8:58  Barracks  
  103  8:59  Barracks  
  103  9:02  Marauder x2, Marine x2  
  109  9:05  SCV x2  
  109  9:08  Widow Mine x2  
  115  9:15  Medivac x2  
  119  9:18  SCV  
  119  9:19  SCV  
  119  9:23  Supply Depot  
  121  9:24  Supply Depot  
  121  9:26  Marauder x2  
  121  9:30  Marine  
  126  9:32  Marine, Widow Mine  
  126  9:35  Orbital Command  
  123  9:47  Marauder, Barracks Tech Lab  
  123  9:48  Marauder, Barracks Reactor  
  123  9:51  Marine x2  
  129  9:56  Widow Mine x2  
  129  9:58  Orbital Command  
  133  10:01  Medivac  
  133  10:02  Medivac  
  137  10:11  Marauder  
  137  10:13  Marauder  
  141  10:16  Marauder  
  141  10:19  Marine x2  
  145  10:26  Widow Mine  
  145  10:27  Widow Mine  
  149  10:36  Medivac x2  
  149  10:39  Marauder x2  
  149  10:41  Marauder  
  154  10:44  Marine x2  
  154  10:45  Marine x2  
  153  10:51  Widow Mine x2  
  157  10:58  Supply Depot  
  157  10:59  Supply Depot x2  
  157  11:11  Supply Depot  
  157  11:13  Marine  
  157  11:15  SCV, Marine  
  157  11:16  SCV, Marine  
  157  11:17  Marauder  
  157  11:20  Medivac x2, Marauder, SCV, Marine  
  157  11:21  Widow Mine x2  
  161  11:34  Marine  
  161  11:35  Marauder, Marine  
  161  11:38  SCV x3  
  161  11:39  Marauder  
  165  11:44  Widow Mine  
  159  11:54  Marauder  
  159  11:56  Marauder  
  159  11:58  Command Center  
  159  12:00  Marauder  
  155  12:01  Viking x2  
  155  12:07  SCV x3  
  151  12:12  Starport, Ghost Academy, Refinery  
  151  12:14  Refinery  
  151  12:19  Marauder x2  
  155  12:23  Marine x2  
  155  12:24  Marine x2  
  155  12:26  SCV  
  155  12:27  SCV  
  148  12:35  Marauder  
  151  12:41  Marauder x2, Marine x3  
  151  12:42  Marine  
  126  12:59  Marine  
  126  13:00  Marine  
Show
View Real Time Build Order
Export as new Build Order

Zest Protoss - Winner!

Build Orders: 1 Gate Expand, Blink Stalkers, Chargelot Immortal 

Get SALT Encoding   

  12  0:00  Probe  
  13  0:12  Probe  
  14  0:18  Pylon  
  14  0:24  Probe (Chrono Boost)  
  15  0:36  Probe (Chrono Boost)  
  15  0:37  Gateway  
  16  0:45  Probe (Chrono Boost)  
  16  0:46  Assimilator  
  17  0:51  Probe  
  18  1:03  Probe  
  19  1:15  Probe  
  20  1:23  Cybernetics Core  
  20  1:31  Nexus  
  20  1:35  Probe  
  21  1:41  Pylon  
  21  1:47  Probe  
  22  1:50  Assimilator  
  22  1:56  Adept (Chrono Boost)  
  22  1:59  Probe (Chrono Boost)  
  25  2:01  Warp Gate  
  25  2:11  Probe (Chrono Boost)  
  26  2:18  Probe (Chrono Boost)  
  26  2:22  Twilight Council  
  27  2:25  Probe  
  28  2:31  Stalker  
  30  2:39  Probe (Chrono Boost)  
  30  2:43  Probe (Chrono Boost)  
  32  2:50  Gateway  
  33  2:54  Probe (Chrono Boost)  
  33  2:55  Probe (Chrono Boost)  
  34  2:59  Probe (Chrono Boost)  
  34  3:00  Blink  
  34  3:02  Probe  
  36  3:08  Stalker  
  36  3:10  Probe (Chrono Boost)  
  39  3:17  Probe (Chrono Boost)  
  40  3:22  Probe (Chrono Boost)  
  42  3:30  Probe (Chrono Boost)  
  42  3:33  Nexus  
  42  3:35  Probe  
  42  3:38  Probe  
  43  3:47  Probe  
  43  3:49  Sentry  
  43  3:51  Pylon, Probe  
  46  3:56  Robotics Facility  
  46  4:09  Assimilator, Stalker, Probe (Chrono Boost)  
  50  4:10  Phoenix  
  50  4:14  Stalker  
  50  4:15  Probe (Chrono Boost)  
  52  4:19  Probe (Chrono Boost)  
  52  4:20  Pylon  
  52  4:23  Probe (Chrono Boost)  
  54  4:26  Gateway  
  54  4:27  Gateway  
  54  4:33  Pylon  
  54  4:38  Probe x2  
  56  4:43  Stalker x2  
  60  4:46  Probe  
  60  4:50  Probe  
  60  4:51  Probe  
  63  4:58  Probe (Chrono Boost)  
  63  4:59  Warp Prism (Chrono Boost)  
  64  5:04  Probe (Chrono Boost)  
  64  5:05  Charge (Chrono Boost)  
  64  5:06  Probe (Chrono Boost)  
  68  5:10  Probe (Chrono Boost)  
  70  5:15  Probe (Chrono Boost)  
  70  5:17  Gateway, Probe (Chrono Boost)  
  70  5:18  Sentry x2, Gateway, Probe (Chrono Boost)  
  70  5:19  Probe (Chrono Boost)  
  76  5:26  Pylon, Probe  
  78  5:29  Observer (Chrono Boost)  
  78  5:32  Shield Battery  
  79  5:36  Shield Battery  
  79  5:38  Pylon  
  79  5:43  Observer (Chrono Boost)  
  79  5:48  Gateway x2, Zealot x3  
  86  5:59  Pylon  
  86  6:04  Immortal (Chrono Boost)  
  90  6:06  Pylon  
  90  6:09  Sentry  
  90  6:10  Stalker x3  
  98  6:34  Pylon  
  98  6:36  Pylon  
  98  6:39  Immortal (Chrono Boost)  
  102  6:41  Observer  
  102  6:45  Probe x2  
  93  6:54  Zealot  
  93  6:55  Zealot x7  
  105  7:15  Zealot x4, Immortal (Chrono Boost)  
  99  7:16  Zealot x4  
  95  7:41  Zealot x6  
  95  7:42  Zealot x2  
  77  8:07  Stalker x8  
  91  8:14  Immortal (Chrono Boost)  
  91  8:19  Probe x3 (Chrono Boost)  
  98  8:20  Observer  
  98  8:22  Forge  
  98  8:24  Robotics Bay  
  98  8:28  Assimilator, Probe x3 (Chrono Boost)  
  98  8:32  Assimilator  
  98  8:33  Probe x3 (Chrono Boost)  
  98  8:34  Sentry x3, Zealot  
  103  8:35  Zealot x3  
  118  8:45  Probe  
  118  8:46  Protoss Ground Weapons Level 1 (Chrono Boost)  
  119  8:50  Immortal (Chrono Boost), Shield Battery  
  119  8:51  Shield Battery  
  126  9:07  Assimilator  
  126  9:08  Stalker x4  
  126  9:09  Stalker  
  133  9:25  Pylon x2  
  133  9:27  Pylon  
  133  9:29  Pylon  
  126  9:38  Immortal (Chrono Boost)  
  126  9:39  Probe x3  
  126  9:45  Robotics Bay, Observer  
  127  9:49  Robotics Facility  
  127  9:51  Probe x2  
  129  9:54  Pylon, Probe  
  130  10:03  Probe  
  130  10:04  Probe  
  130  10:05  Pylon  
  132  10:10  Observer (Chrono Boost)  
  133  10:27  Forge  
  133  10:36  Colossus (Chrono Boost)  
  133  10:39  Observer  
  133  10:41  Colossus (Chrono Boost)  
  137  10:45  Stalker  
  137  10:46  Observer, Stalker x4  
  147  10:57  Observer  
  147  11:23  Colossus (Chrono Boost)  
  153  11:25  Stalker  
  153  11:26  Stalker  
  153  11:27  Colossus (Chrono Boost)  
  153  11:42  Pylon  
  147  11:47  Observer  
  147  11:49  Probe  
  141  11:57  Zealot x2  
  141  12:02  Zealot x3  
  141  12:15  Pylon  
  141  12:20  Zealot x2  
  145  12:23  Zealot x3  
  149  12:40  Zealot x2  
  118  13:14  Stalker x6  
Tags
 
Add a new tag
Caveats
  • Supply blocks, unpowered buildings, or Contaminate may cause inaccurate times.
  • Supply counts are checked every 10 seconds.